Map: Frost LE

Players

Trino - Winner!

  • Race: Terran Terran
  • League: Gold
  • Spawn Location: 11:00

Fropez

  • Race: Protoss Protoss
  • League: Gold
  • Spawn Location: 7:00

VOD

Have the link to the VOD?

Description

Time

  • Played on: Sept. 26, 2016, 2:50 p.m.
  • Length: 5:15
Show
View Real Time Build Order
Export as new Build Order

Trino Terran - Winner!

Build Orders:  

Get SALT Encoding   

  12  0:03  SCV  
  13  0:16  SCV  
  14  0:25  Supply Depot  
  14  0:28  SCV  
  15  0:46  SCV  
  16  0:52  Barracks  
  16  0:56  Barracks  
  16  0:59  SCV  
  17  1:10  Barracks  
  17  1:21  Barracks  
  17  1:43  Supply Depot  
  17  1:44  Marine x2  
  19  1:57  Marine  
  20  2:02  Marine x2, Orbital Command  
  22  2:09  Marine  
  22  2:14  Marine  
  24  2:19  Marine, Supply Depot  
  24  2:21  Marine  
  26  2:27  Marine  
  27  2:32  Marine  
  28  2:37  Marine  
  28  2:39  Marine  
  30  2:44  Marine  
  30  2:50  Marine  
  32  2:59  Marine  
  32  3:00  Marine, Supply Depot  
  32  3:04  Marine  
  35  3:08  Marine  
  36  3:23  Marine x3  
  39  3:34  Marine  
  39  4:00  Refinery  
  39  4:02  Refinery  
  39  4:03  Marine x2  
  39  4:04  Marine  
  42  4:16  SCV  
  43  4:19  Command Center  
  43  4:28  SCV  
  43  4:44  SCV  
  43  4:56  SCV  
Show
View Real Time Build Order
Export as new Build Order

Fropez Protoss 

Build Orders: 1 Gate Expand 

Get SALT Encoding   

  12  0:02  Probe (Chrono Boost)  
  13  0:13  Probe (Chrono Boost)  
  14  0:22  Pylon  
  14  0:24  Probe (Chrono Boost)  
  15  0:40  Probe (Chrono Boost)  
  15  0:42  Gateway  
  16  0:46  Assimilator  
  16  0:51  Probe (Chrono Boost)  
  17  1:01  Probe (Chrono Boost)  
  18  1:18  Nexus  
  18  1:21  Probe (Chrono Boost)  
  19  1:32  Cybernetics Core  
  19  1:38  Assimilator  
  19  1:41  Probe (Chrono Boost)  
  20  1:52  Pylon  
  20  2:01  Probe (Chrono Boost)  
  21  2:13  Mothership Core (Chrono Boost)  
  21  2:14  Warp Gate (Chrono Boost)  
  23  2:32  Gateway  
  23  2:34  Probe, Gateway  
  24  2:43  Probe  
  24  2:44  Pylon  
  24  2:47  Probe  
  26  2:53  Probe  
  27  3:00  Adept  
  29  3:07  Probe  
  29  3:08  Probe  
  31  3:17  Pylon  
  31  3:19  Probe  
  32  3:24  Adept, Pylon  
  34  3:31  Adept  
  36  3:44  Probe  
  36  3:46  Probe  
  38  3:57  Pylon, Robotics Facility  
  38  3:59  Probe  
  38  4:00  Probe  
  40  4:04  Assimilator  
  40  4:12  Probe  
  40  4:14  Probe  
  42  4:20  Assimilator  
  42  4:24  Probe  
  42  4:26  Probe  
  44  4:36  Sentry x3  
  46  5:05  Adept x2  
Tags
 
League
GoldGold
Matchup
PvT
Replay Pack
All Mines
Spawn Locations
Close Positions
Add a new tag
Caveats
  • Supply blocks, unpowered buildings, or Contaminate may cause inaccurate times.
  • Supply counts are checked every 10 seconds.